[Event "55th Ladies GM 2024"]
[Site "Belgrade9"]
[Date "2024.03.10"]
[Round "9.2"]
[White "Xu, Yuanyuan"]
[Black "Mehmed, Elif"]
[Result "0-1"]
[ECO "A17"]
[WhiteElo "2288"]
[BlackElo "2194"]
[Annotator "TA"]
[PlyCount "66"]
[EventDate "2024.03.02"]
[EventType "tourn"]
[EventCountry "SRB"]
[SourceTitle "playchess.com"]
[Source "ChessBase"]
[SourceQuality "1"]
[TimeControl "40/5400+30:1800+30"]

1. Nf3 d5 2. e3 Nf6 3. c4 e6 4. Nc3 Bd6 5. b3 O-O 6. Bb2 Re8 {[%emt 0:00:50] [#]} 7. g4 e5 $15 8. g5 {Black is better.} d4 $1 9. gxf6 dxc3 10. Bxc3 Qxf6 11. Rg1 c5 (11... Bf5 $17 12. b4 c6) 12. Ng5 $11 Bf8 {[%emt 0:00:00] [#]} ({Better is} 12... Be7 $14) 13. Nxh7 Kxh7 $14 14. Qh5+ Kg8 15. Bd3 {[%emt 0:00:15][%csl Gd3][%cal Rh5h7][%mdl 1024] White has compensation.} Bd6 16. O-O-O (16. Rg3 $1 $14 Be6 17. O-O-O) 16... Kf8 $1 $15 (16... Qxf2 $2 17. Rdf1 $18) 17. f4 Qh6 {[%emt 0:00:00] Inhibits Rdf1.} 18. Qf3 {[%emt 0:00:24] Rdf1 is the strong threat.} Nc6 (18... Qxh2 $2 19. Rh1 $18) 19. Rg5 {[%emt 0:00:28] [#]} ({White should try} 19. Rdf1 $15 Be6 (19... Qxh2 $2 20. fxe5 Re7 21. Rh1 $18) 20. h4) 19... Qh3 $2 (19... Qxh2 $2 20. Rh1 $18) ({Black should play} 19... Nb4 $1 $17 20. Bb1 g6 (20... Qxh2 $2 21. Rh1 $18) 21. Rxg6 fxg6 (21... Nxa2+ 22. Kb2 $11) 22. fxe5+ Kg8 23. exd6 Rf8) 20. Rg3 $1 $14 Qh4 (20... Qxh2 $2 21. Rh1 $18) (20... Qh6 $16 {was worth a try.}) 21. Rdg1 $18 exf4 $2 (21... Qf6 {was necessary.} 22. Rxg7 Rb8) 22. Bxg7+ $4 (22. Rxg7 $18 {is the narrow road to win.} Nb4 23. Bb1) 22... Ke7 $19 23. Rg5 Qh3 (23... Qxh2 $2 24. Rh1 $18) (23... Kd8 $19 {Strongly threatening ...fxe3.} 24. Rh5 Qe7 25. exf4 Nb4) 24. Qf2 f3 (24... Be6 $17 {Threatens to win with ...fxe3.} 25. Bf1 Qh7 26. exf4 Rg8) 25. Bf1 $11 Qe6 26. Qxf3 {[%emt 0:00:09][%cal Of1h3] Hoping for Bh3!} Ne5 27. Qh5 f6 (27... Kd8 $5) 28. Bh6 Kd8 $19 (28... fxg5 29. Bxg5+ Kd7 30. Bh3 $14) 29. Rg7 a5 {[%emt 0:00:00] ...a4 would now be deadly.} 30. Rh7 $2 (30. Bg2) 30... a4 31. Bh3 $2 {[%emt 0:00:50] [#]} (31. Bf4) 31... Nd3+ $1 (31... Qxh3 32. Qxe8+ Kxe8 33. Rg8+) 32. Kb1 Qe4 {[%emt 0:00:06] ( -> ...Nb4+)} (32... Qxh3 33. Qxe8+ Kxe8 34. Rg8+) 33. Bg5 Nf4+ {[%emt 0:00:28] Black used his chance.   Weighted Error Value: White=0.82/Black=0.46.  Loses game:     	White=1     	Black=1      Missed win:     	White=1     	---        Mistake:       	White=6     	Black=6      Inaccurate:     	White=1     	Black=1      OK:         	White=7     	Black=7      Best:        	White=3     	Black=3      Strong:       	White=1     	Black=3} (33... Nb4+ $142 34. Ka1 Be5+ (34... fxg5 $2 35. Qxg5+ Re7 36. Rxe7 $19) 35. d4 Bxd4+ (35... Bxh2 36. Bxf6+) 36. exd4 Qxd4+ (36... fxg5 37. Qxg5+ Re7 38. Qxe7+ Qxe7 39. Rg8+ $16) 37. Kb1 Qd3+ (37... Qxg1+ {leads to mate.} 38. Bc1 axb3 39. a3 b2 40. Qxe8+ Kxe8 41. Rh8+ Kf7 42. Rh7+ Kg8 43. Rg7+ Kxg7 44. Kxb2 Qf2+ 45. Bd2 Qxd2+ 46. Kb1 Qc2+ 47. Ka1 Rxa3#) 38. Ka1 Qc3+ (38... fxg5 39. Qxg5+) 39. Kb1 Qc2+ 40. Ka1 Qxa2#) 0-1

[Event "55th Ladies GM 2024"]
[Site "Belgrade9"]
[Date "2024.03.10"]
[Round "9.3"]
[White "Kubicka, Anna"]
[Black "Vujovic, Vera"]
[Result "1/2-1/2"]
[ECO "C48"]
[WhiteElo "2278"]
[BlackElo "2175"]
[Annotator "TA"]
[PlyCount "106"]
[EventDate "2024.03.02"]
[EventType "tourn"]
[EventCountry "SRB"]
[SourceTitle "playchess.com"]
[Source "ChessBase"]
[SourceQuality "1"]
[TimeControl "40/5400+30:1800+30"]

1. e4 e5 2. Nf3 Nc6 3. Nc3 Nf6 4. Bb5 Nd4 5. O-O Nxf3+ 6. Qxf3 c6 7. Bc4 Bc5 8. Qg3 Qe7 9. d3 d6 10. Bb3 (10. Qxg7 $5 Rg8 $8 11. Qh6 $11) 10... Be6 11. Na4 Bb4 12. a3 (12. Qxg7 $14 Rg8 13. Qh6) 12... Ba5 $11 13. Bxe6 fxe6 14. f4 exf4 15. Bxf4 e5 16. Bg5 O-O 17. Rf5 Rf7 (17... Qe6 {sieht schärfer aus.} 18. Bh6 Rf7 19. Raf1 Bd8) 18. Raf1 Raf8 19. b4 Bd8 20. Qh3 b5 21. Nc3 Qe6 22. Kh1 {[%emt 0:00:00] [#]} (22. Qg3 $11) 22... Be7 (22... g6 $1 $17 23. Bxf6 Bxf6 (23... gxf5 24. Qg3+)) 23. Bxf6 (23. Kg1 {mit weiteren Verwicklungen.} a6 24. Qg3 g6 25. Bh6) 23... Rxf6 (23... Bxf6 {hält die Spannung aufrecht.} 24. Qg3 d5 25. h3 d4) 24. Rxf6 Rxf6 25. Qxe6+ Rxe6 {[%emt 0:00:06][%mdl 4096] Endspiel. KRB-KRN} 26. g3 Rf6 27. Kg2 Rxf1 28. Kxf1 {[%emt 0:00:02] KB-KN} Bg5 29. Ke2 Bc1 30. Nb1 Kf7 31. Kd1 Bg5 32. c4 a6 33. cxb5 axb5 34. Nc3 Be3 35. Kc2 h5 (35... Kg6 $15) 36. h3 {[%emt 0:01:15] Die Stellung ist ausgeglichen.} Bf2 37. Ne2 Kf6 38. Kb3 Be3 39. a4 bxa4+ 40. Kxa4 Bf2 41. b5 cxb5+ 42. Kxb5 g6 43. Kc6 Ke6 44. g4 hxg4 45. hxg4 Bc5 {[%emt 0:00:00] [#] Weiss muss nun ...Kf6 beachten.} 46. Nc3 Kf6 {[%emt 0:00:00] ...Kg5 wäre nun fies.} 47. Nb5 Kg5 48. Nxd6 Bd4 49. Nb5 {[%emt 0:00:00] Weiss will mit Nxd4 Matt setzen.} Bb2 50. Kd5 Kxg4 51. d4 Kf4 {[%emt 0:00:00] Droht stark ...g5.} 52. dxe5 Bxe5 {[%emt 0:00:00] Zielt auf ...g5 ab.} 53. Nd4 Bxd4 {[%emt 0:01:36] Gewichteter Fehlerwert: Weiß=0.07 (makellos) /Schwarz=0.07 (makellos) .  Fehler:       	Weiß=2     	Schwarz=2     Ungenau:       	Weiß=2     	Schwarz=1     OK:         	Weiß=24    	Schwarz=19    Bester:       	Weiß=2     	Schwarz=3} 1/2-1/2

[Event "55th Ladies GM 2024"]
[Site "Belgrade9"]
[Date "2024.03.10"]
[Round "9.4"]
[White "Djukic, Sandra"]
[Black "Maltsevskaya, Aleksandra"]
[Result "0-1"]
[ECO "A70"]
[WhiteElo "2127"]
[BlackElo "2374"]
[Annotator "TA"]
[PlyCount "118"]
[EventDate "2024.03.02"]
[EventType "tourn"]
[EventCountry "SRB"]
[SourceTitle "playchess.com"]
[Source "ChessBase"]
[SourceQuality "1"]
[TimeControl "40/5400+30:1800+30"]

1. d4 Nf6 2. c4 g6 3. Nc3 Bg7 4. e4 d6 5. h3 O-O 6. Nf3 c5 7. d5 e6 8. Be3 exd5 9. cxd5 Re8 10. Nd2 Qa5 11. Nf3 Qd8 $2 (11... Rxe4 12. Nd2 $15) (11... Nxe4 $19) 12. Nd2 (12. Bd3 $11) 12... Qa5 $16 13. Nc4 Qd8 14. Bd3 b5 (14... b6 $14) 15. Nxb5 $16 Nxe4 16. Bxe4 Rxe4 17. Qd3 (17. Ncxd6 Rxe3+ 18. fxe3 Qh4+ 19. Kd2 Nd7 $15) ({Better is} 17. Nbxd6 $16 Rxe3+ 18. fxe3) 17... Bf5 (17... Rh4 $11) 18. Nbxd6 $16 Bxb2 $2 (18... Rd4 $16 {was necessary.} 19. Qb3 Rxc4 20. Nxc4 Qxd5) 19. Nxf5 $1 $18 (19. Nxb2 Qxd6 20. O-O Nd7 $14) (19. Nxe4 Bxa1 20. O-O (20. Bxc5 Nd7 $11) 20... Bg7 $16) 19... Rxe3+ 20. fxe3 (20. Nfxe3 Bxa1 21. O-O Bd4 $16) 20... Bxa1 21. O-O $1 Bg7 22. Nxg7 Kxg7 23. e4 $2 (23. Qc3+ $18 {is the precise move to win.} f6 24. e4) 23... Nd7 $16 24. Qc3+ Kg8 25. e5 Qe7 26. Rb1 Rd8 27. Rb7 Qg5 {[%emt 0:00:00] [#]} 28. Kh2 (28. Qe1 $1 $16) 28... Qf4+ $11 29. Kh1 h5 30. e6 fxe6 31. Ne3 (31. Rxa7 Qf1+ (31... exd5 32. Nd2 $17) 32. Kh2 exd5 $17) (31. dxe6 $5 Nf6 32. Qf3 $16 (32. Rxa7 $2 Rd1+)) 31... Qd4 32. Qe1 (32. Qa5 $11 {keeps the balance.} Qa1+ 33. Kh2 Qe5+ 34. Kh1) 32... exd5 $17 33. Qg3 {[%emt 0:00:07] [#]} ({White should try} 33. Nf5 gxf5 34. Qe6+ Kf8 35. Qd6+ Kf7 36. Rxd7+ Rxd7 37. Qxd7+ Kg6 38. Qd6+ Qf6 39. Qxc5) 33... Qa1+ $1 $17 34. Kh2 Qe5 (34... Qxa2 35. Qxg6+ Kh8 36. Qh6+ (36. Qxh5+ Kg8 37. Qg5+ Kf7 38. Qxd8 Qa4 39. Rxd7+ Qxd7 40. Qxd7+ Kf6 41. Ng4+ Kg6) 36... Kg8 37. Qg5+ (37. Qxh5 Qa6 $18) 37... Kf7 38. Qxd8 Qa4 39. Rxd7+) 35. Nxd5 $2 (35. Rxa7 $17 {might work better.} Qxg3+ 36. Kxg3) 35... Qxd5 $19 36. Qxg6+ Kf8 37. Rxa7 Qe5+ 38. Kh1 Qf6 39. Qxh5 Qa1+ 40. Kh2 Qe5+ 41. Qxe5 Nxe5 42. Rc7 Nd7 (42... c4 $19 {and Black stays clearly on top. aiming for ...Rd5.} 43. Kg3 Rd4) 43. h4 Ke7 44. Rc6 Ra8 45. h5 Rxa2 46. Kg3 Ra8 47. Kf4 $2 (47. h6 $17 {is a better chance.}) 47... Rf8+ $19 48. Kg3 Rg8+ $2 (48... Rf6 $19 49. Rc8 Kd6) 49. Kh3 $15 Rg5 50. g4 Nf6 51. Rc8 $2 (51. h6 $15) 51... Kd7 $19 ({Not} 51... Nxg4 52. Kh4 Rg7 53. Rxc5 $11 (53. Rc7+ Kf6 $11)) 52. Ra8 Rxg4 ({Inferior is} 52... Nxg4 53. Kh4 $11) 53. Ra7+ Ke8 54. Ra6 Rf4 55. h6 Kf7 56. Rc6 Rf5 57. h7 Rh5+ 58. Kg3 Nxh7 59. Kf4 Nf6 0-1

[Event "55th Ladies GM 2024"]
[Site "Belgrade9"]
[Date "2024.03.10"]
[Round "9.5"]
[White "Doluhanova, Evgeniya"]
[Black "Kulkarni Bhakti"]
[Result "1/2-1/2"]
[ECO "A07"]
[WhiteElo "2261"]
[BlackElo "2372"]
[Annotator "TA"]
[PlyCount "26"]
[EventDate "2024.03.02"]
[EventType "tourn"]
[EventCountry "SRB"]
[SourceTitle "playchess.com"]
[Source "ChessBase"]
[SourceQuality "1"]
[TimeControl "40/5400+30:1800+30"]

1. Nf3 Nf6 2. g3 d5 3. Bg2 Bf5 4. d3 c6 5. c3 Nbd7 6. Nh4 Bg4 7. h3 Bh5 8. g4 {The position is equal.} Bg6 9. f4 e6 10. Be3 Be7 11. Nxg6 hxg6 12. Qb3 Bc5 13. d4 Bd6 {[%emt 0:04:00] Weighted Error Value: White=0.10 (very precise) /Black=0.01 (flawless) .  Inaccurate:     	White=2     	---        OK:         	White=4     	Black=5      Best:        	---       	Black=1} 1/2-1/2